EVO
UNIVERSITY OF CALIFORNIA GOLDEN BEARS @ WICHITA STATE UNIVERSITY SHOCKERS
11/29/2047
 
TOP OF THE 1ST
Ohio State University Buckeyes batting - Pitching for Pennsylvania State University Nittany Lions : RHP Eudaldo Cuyco
Pitching: RHP Eudaldo Cuyco
Batting: RHB Aaron Burnet 0-0: Fly out, F7 (Flyball, 7D, EV 90.6 MPH)
Batting: RHB Tony Vasquez 0-0: Swinging Strike
0-1: Swinging Strike
0-2: Ball
1-2: Strikes out swinging, 2-3 out at first.
Batting: SHB Ken Griffey IV 0-0: Ball
1-0: Called Strike
1-1: Swinging Strike
1-2: Strikes out swinging
Top of the 1st over - 0 runs, 0 hits, 0 errors, 0 left on base; Ohio State University 0 - Pennsylvania State University 0
BOTTOM OF THE 1ST
Pennsylvania State University Nittany Lions batting - Pitching for Ohio State University Buckeyes : RHP Mike Stabb
Pitching: RHP Mike Stabb
Batting: RHB John Hopkins 0-0: Ground out U3 (Groundball, 3, EV 85.0 MPH)
Batting: RHB Craig Alvarado 0-0: Ball
1-0: Foul Ball, location: 2F
1-1: Ball
2-1: Swinging Strike
2-2: Ball
3-2: Foul Ball, location: 2F
3-2: Strikes out looking
Batting: RHB Jesse Sargent 0-0: Ground out 6-3 (Groundball, 6, EV 76.9 MPH)
Bottom of the 1st over - 0 runs, 0 hits, 0 errors, 0 left on base; Ohio State University 0 - Pennsylvania State University 0
TOP OF THE 2ND
Ohio State University Buckeyes batting - Pitching for Pennsylvania State University Nittany Lions : RHP Eudaldo Cuyco
Batting: LHB Ben Roth 0-0: Ball
1-0: Called Strike
1-1: Ball
2-1: Ball
3-1: Foul Ball, location: 2F
3-2: Base on Balls
Batting: RHB Hugo Chavez 0-0: Ball
1-0: Ball
2-0: Ball
3-0: Base on Balls
Ben Roth to second
Batting: RHB Michihisa Tanaka 0-0: Ball
1-0: Ball
2-0: Foul Ball, location: 2F
2-1: Called Strike
2-2: Grounds into double play, 6-4-3 (Groundball, 6, EV 86.2 MPH)
Ben Roth to third
Batting: RHB Jeff Standridge 0-0: Called Strike
0-1: Ball
Wild Pitch!
Ben Roth scores
1-1: Called Strike
1-2: Strikes out swinging
Top of the 2nd over - 1 run, 0 hits, 0 errors, 0 left on base; Ohio State University 1 - Pennsylvania State University 0
BOTTOM OF THE 2ND
Pennsylvania State University Nittany Lions batting - Pitching for Ohio State University Buckeyes : RHP Mike Stabb
Batting: RHB Fernando Membreno 0-0: Called Strike
0-1: Ball
1-1: Foul Ball, location: 2F
1-2: Foul Ball, location: 2F
1-2: Strikes out swinging
Batting: RHB Isaiah Heath 0-0: Ball
1-0: Foul Ball, location: 2F
1-1: Swinging Strike
1-2: Foul Ball, location: 2F
1-2: Ball
2-2: Strikes out swinging
Batting: SHB Glenn Harrison 0-0: Foul Ball, location: 2F
0-1: Fly out, F8 (Flyball, 8LM, EV 91.2 MPH)
Bottom of the 2nd over - 0 runs, 0 hits, 0 errors, 0 left on base; Ohio State University 1 - Pennsylvania State University 0
TOP OF THE 3RD
Ohio State University Buckeyes batting - Pitching for Pennsylvania State University Nittany Lions : RHP Eudaldo Cuyco
Batting: RHB Mike Vaughan 0-0: Ball
1-0: Ball
2-0: Called Strike
2-1: Foul Ball, location: 2F
2-2: Foul Ball, location: 2F
2-2: Foul Ball, location: 2F
2-2: Ball
3-2: Strikes out swinging
Batting: RHB Dave Villarreal 0-0: Fly out, F9 (Line Drive, 9LM, EV 91.9 MPH)
Batting: RHB Aaron Burnet 0-0: Called Strike
0-1: Called Strike
0-2: Strikes out swinging
Top of the 3rd over - 0 runs, 0 hits, 0 errors, 0 left on base; Ohio State University 1 - Pennsylvania State University 0
BOTTOM OF THE 3RD
Pennsylvania State University Nittany Lions batting - Pitching for Ohio State University Buckeyes : RHP Mike Stabb
Batting: LHB Josh Lane 0-0: Ball
1-0: Swinging Strike
1-1: Foul Ball, location: 2F
1-2: Ball
2-2: Ground out 4-3 (Groundball, 34D, EV 91.9 MPH)
Batting: RHB Klaus Brown 0-0: Called Strike
0-1: Called Strike
0-2: Ball
1-2: Strikes out swinging
Batting: RHB Jesus Resendez 0-0: Called Strike
0-1: Swinging Strike
0-2: Ball
1-2: Strikes out looking
Bottom of the 3rd over - 0 runs, 0 hits, 0 errors, 0 left on base; Ohio State University 1 - Pennsylvania State University 0
TOP OF THE 4TH
Ohio State University Buckeyes batting - Pitching for Pennsylvania State University Nittany Lions : RHP Eudaldo Cuyco
Batting: RHB Tony Vasquez 0-0: Ball
1-0: Ground out U3 (Groundball, 34S, EV 84.4 MPH)
Batting: SHB Ken Griffey IV 0-0: Ball
1-0: SOLO HOME RUN (Flyball, 9LD, EV 92.5 MPH), Distance : 343 ft
Batting: LHB Ben Roth 0-0: Called Strike
0-1: Swinging Strike
0-2: Ball
1-2: Strikes out swinging
Batting: RHB Hugo Chavez 0-0: Foul Ball, location: 2F
0-1: Ball
1-1: Called Strike
1-2: Ball
2-2: Strikes out swinging
Top of the 4th over - 1 run, 1 hit, 0 errors, 0 left on base; Ohio State University 2 - Pennsylvania State University 0
BOTTOM OF THE 4TH
Pennsylvania State University Nittany Lions batting - Pitching for Ohio State University Buckeyes : RHP Mike Stabb
Batting: RHB John Hopkins 0-0: Ball
1-0: Called Strike
1-1: Ball
2-1: Ball
3-1: Foul Ball, location: 2F
3-2: Foul Ball, location: 2F
3-2: Foul Ball, location: 2F
3-2: Foul Ball, location: 2F
3-2: Base on Balls
Batting: RHB Craig Alvarado 0-0: Ball
1-0: Fly out, F8 (Flyball, 8LM, EV 86.9 MPH)
Batting: RHB Jesse Sargent 0-0: Fly out, F3 (Popup, 3SF, EV 83.8 MPH)
Batting: RHB Fernando Membreno 0-0: Ball
John Hopkins steals 2nd base
1-0: Fly out, F4 (Popup, 4, EV 77.5 MPH)
Bottom of the 4th over - 0 runs, 0 hits, 0 errors, 1 left on base; Ohio State University 2 - Pennsylvania State University 0
TOP OF THE 5TH
Ohio State University Buckeyes batting - Pitching for Pennsylvania State University Nittany Lions : RHP Eudaldo Cuyco
Batting: RHB Michihisa Tanaka 0-0: Called Strike
0-1: Called Strike
0-2: Foul Ball, location: 2F
0-2: Ball
1-2: Strikes out swinging
Batting: RHB Jeff Standridge 0-0: Foul Ball, location: 2F
0-1: Foul Ball, location: 3F, Error on foul ball, E3
0-2: Ground out 6-3 (Groundball, 6, EV 80.0 MPH)
Batting: RHB Mike Vaughan 0-0: Called Strike
0-1: Ball
1-1: Ball
2-1: Foul Ball, location: 2F
2-2: Foul Ball, location: 2F
2-2: Foul Ball, location: 2F
2-2: Ball
3-2: Foul Ball, location: 2F
3-2: Foul Ball, location: 2F
3-2: Base on Balls
Batting: RHB Dave Villarreal 0-0: Ball
Wild Pitch!
Mike Vaughan to second
1-0: Called Strike
1-1: Foul Ball, location: 2F
1-2: Foul Ball, location: 2F
1-2: Strikes out looking
Top of the 5th over - 0 runs, 0 hits, 1 error, 1 left on base; Ohio State University 2 - Pennsylvania State University 0
BOTTOM OF THE 5TH
Pennsylvania State University Nittany Lions batting - Pitching for Ohio State University Buckeyes : RHP Mike Stabb
Batting: RHB Isaiah Heath 0-0: Called Strike
0-1: Ball
1-1: Fly out, F6 (Line Drive, 6, EV 68.8 MPH)
Batting: SHB Glenn Harrison 0-0: Called Strike
0-1: Foul Ball, location: 2F
0-2: Strikes out looking
Batting: LHB Josh Lane 0-0: Ground out 6-3 (Groundball, 6M, EV 111.9 MPH)
Bottom of the 5th over - 0 runs, 0 hits, 0 errors, 0 left on base; Ohio State University 2 - Pennsylvania State University 0
TOP OF THE 6TH
Ohio State University Buckeyes batting - Pitching for Pennsylvania State University Nittany Lions : RHP Eudaldo Cuyco
Batting: RHB Aaron Burnet 0-0: Called Strike
0-1: Ball
1-1: SINGLE (Groundball, 34, EV 107.5 MPH)
Batting: RHB Tony Vasquez 0-0: Ball
1-0: Called Strike
1-1: SINGLE (Groundball, 56S, EV 65.0 MPH) (infield hit)
Aaron Burnet to second
Pitching: LHP James Marker
Batting: SHB Ken Griffey IV 0-0: Ball
1-0: Ball
2-0: Ball
3-0: Base on Balls
Aaron Burnet to third
Tony Vasquez to second
Batting: LHB Ben Roth 0-0: SINGLE (Flyball, 78S, EV 95.6 MPH)
Aaron Burnet scores
Tony Vasquez to third
Ken Griffey IV to second
Runner from 3rd tries for Home, SAFE, throw by LF to home
Batting: RHB Hugo Chavez 0-0: Fly out, F8 (Flyball, 8LM, EV 91.2 MPH)
Batting: RHB Michihisa Tanaka 0-0: Foul Ball, location: 2F
0-1: Ball
1-1: Ball
2-1: Swinging Strike
2-2: Ball
3-2: Foul Ball, location: 2F
3-2: Base on Balls
Ken Griffey IV to third
Ben Roth to second
Batting: RHB Jeff Standridge 0-0: Foul Ball, location: 2F
0-1: Fielders Choice at 2nd, 5-4 (Groundball, 5, EV 88.1 MPH)
Ken Griffey IV scores
Ben Roth to third
Batting: RHB Mike Vaughan 0-0: Fly out, F7 (Line Drive, 7, EV 91.2 MPH)
Top of the 6th over - 3 runs, 3 hits, 0 errors, 2 left on base; Ohio State University 5 - Pennsylvania State University 0
BOTTOM OF THE 6TH
Pennsylvania State University Nittany Lions batting - Pitching for Ohio State University Buckeyes : RHP Mike Stabb
Batting: RHB Klaus Brown 0-0: Swinging Strike
0-1: Foul Ball, location: 2F
0-2: Foul Ball, location: 2F
0-2: Ball
1-2: Ball
2-2: Strikes out swinging
Batting: RHB Jesus Resendez 0-0: Foul Ball, location: 2F
0-1: Called Strike
0-2: Strikes out looking
Batting: RHB John Hopkins 0-0: Ball
1-0: Ball
2-0: Ball
3-0: Fly out, F9 (Line Drive, 89D, EV 105.0 MPH)
Bottom of the 6th over - 0 runs, 0 hits, 0 errors, 0 left on base; Ohio State University 5 - Pennsylvania State University 0
TOP OF THE 7TH
Ohio State University Buckeyes batting - Pitching for Pennsylvania State University Nittany Lions : LHP James Marker
Batting: RHB Dave Villarreal 0-0: Ball
1-0: Ball
2-0: Ball
3-0: Called Strike
3-1: Foul Ball, location: 2F
3-2: Base on Balls
Batting: RHB Aaron Burnet 0-0: Foul Ball, location: 2F
0-1: Swinging Strike
0-2: Fly out, F4 (Popup, 34S, EV 80.6 MPH)
Batting: RHB Tony Vasquez 0-0: Ball
1-0: Ball
2-0: SINGLE (Line Drive, 6D, EV 95.0 MPH)
Dave Villarreal to second
Pitching: RHP Dave Boudreaux
Batting: SHB Ken Griffey IV 0-0: Ball
1-0: Ball
2-0: Ball
3-0: Called Strike
3-1: Foul Ball, location: 2F
3-2: Fly out, F8 (Flyball, 8LD, EV 101.2 MPH)
Batting: LHB Ben Roth 0-0: Ball
Wild Pitch!
Dave Villarreal to third
Tony Vasquez to second
1-0: Swinging Strike
1-1: Foul Ball, location: 2F
1-2: Foul Ball, location: 2F
1-2: Ball
2-2: Ball
3-2: Foul Ball, location: 2F
3-2: Base on Balls
Batting: RHB Hugo Chavez 0-0: Called Strike
0-1: Ball
1-1: Swinging Strike
1-2: Foul Ball, location: 2F
1-2: Foul Ball, location: 2F
1-2: Strikes out swinging
Top of the 7th over - 0 runs, 1 hit, 0 errors, 3 left on base; Ohio State University 5 - Pennsylvania State University 0
BOTTOM OF THE 7TH
Pennsylvania State University Nittany Lions batting - Pitching for Ohio State University Buckeyes : RHP Mike Stabb
Batting: RHB Craig Alvarado 0-0: Ball
1-0: Ball
2-0: Ball
3-0: Called Strike
3-1: Called Strike
3-2: Base on Balls
Batting: RHB Jesse Sargent 0-0: Called Strike
0-1: Foul Ball, location: 2F
0-2: Ball
1-2: Strikes out swinging
Batting: RHB Fernando Membreno 0-0: Ball
1-0: Called Strike
1-1: Called Strike
1-2: Strikes out swinging
Batting: RHB Isaiah Heath 0-0: Ball
1-0: Foul Ball, location: 2F
1-1: DOUBLE (Line Drive, 78D, EV 106.2 MPH)
Craig Alvarado to third
Pitching: RHP Gabriel Bass
Batting: SHB Glenn Harrison 0-0: Foul Ball, location: 2F
0-1: Called Strike
0-2: 3-RUN HOME RUN (Flyball, 78XD, EV 106.2 MPH), Distance : 421 ft
Batting: LHB Josh Lane 0-0: Ball
1-0: Ball
2-0: Ball
3-0: Base on Balls
Batting: RHB Klaus Brown 0-0: Called Strike
0-1: Called Strike
0-2: Strikes out swinging
Bottom of the 7th over - 3 runs, 2 hits, 0 errors, 1 left on base; Ohio State University 5 - Pennsylvania State University 3
TOP OF THE 8TH
Ohio State University Buckeyes batting - Pitching for Pennsylvania State University Nittany Lions : RHP Dave Boudreaux
Pitching: RHP Mike Watkins
Batting: RHB Michihisa Tanaka 0-0: Swinging Strike
0-1: Ball
1-1: Foul Ball, location: 2F
1-2: Ball
2-2: Fly out, F6 (Flyball, 6D, EV 88.1 MPH)
Batting: RHB Jeff Standridge 0-0: Ball
1-0: Swinging Strike
1-1: Ball
2-1: Called Strike
2-2: Foul Ball, location: 2F
2-2: SINGLE (Line Drive, 78S, EV 108.8 MPH)
Pinch Hitting: RHB Hikaru Nakata 0-0: Ball
1-0: Called Strike
1-1: Ball
2-1: Fielders Choice at 2nd, 5-4 (Groundball, 56, EV 86.9 MPH)
Batting: RHB Dave Villarreal 0-0: Ball
Hikaru Nakata steals 2nd base
1-0: Foul Ball, location: 2F
1-1: Ball
2-1: Foul Ball, location: 2F
2-2: Ball
3-2: Fly out, F4 (Popup, 4S, EV 82.5 MPH)
Top of the 8th over - 0 runs, 1 hit, 0 errors, 1 left on base; Ohio State University 5 - Pennsylvania State University 3
BOTTOM OF THE 8TH
Pennsylvania State University Nittany Lions batting - Pitching for Ohio State University Buckeyes : RHP Gabriel Bass
Now at SS: John Britton
Batting: RHB Jesus Resendez 0-0: Called Strike
0-1: Ground out U3 (Groundball, 3, EV 77.5 MPH)
Batting: RHB Roberto Medina 0-0: Ball
1-0: SINGLE (Groundball, 6D, EV 103.1 MPH)
Batting: RHB Craig Alvarado 0-0: Called Strike
0-1: Ball
1-1: Foul Ball, location: 2F
1-2: Ball
2-2: Ball
3-2: Foul Ball, location: 2F
3-2: Base on Balls
Roberto Medina to second
Pitching: LHP Matt Ray
Batting: RHB Jesse Sargent 0-0: Foul Ball, location: 2F
0-1: Ball
1-1: Swinging Strike
1-2: Foul Ball, location: 2F
1-2: Ball
2-2: Strikes out looking
Pinch Hitting: SHB Oscar Barahona 0-0: Called Strike
0-1: Fielders Choice at 2nd, 6-4 (Groundball, 6, EV 100.6 MPH)
Bottom of the 8th over - 0 runs, 1 hit, 0 errors, 2 left on base; Ohio State University 5 - Pennsylvania State University 3
TOP OF THE 9TH
Ohio State University Buckeyes batting - Pitching for Pennsylvania State University Nittany Lions : RHP Mike Watkins
Pitching: RHP Jerry Romero
Now at 1B: Isaiah Heath
Now in LF: Oscar Barahona
Batting: RHB Aaron Burnet 0-0: Foul Ball, location: 2F
0-1: Ball
1-1: Swinging Strike
1-2: Strikes out looking
Batting: LHB Ricardo Torres 0-0: Ball
1-0: Called Strike
1-1: Fly out, F9 (Flyball, 9LSF, EV 83.1 MPH)
Batting: SHB Ken Griffey IV 0-0: Ball
1-0: DOUBLE (Line Drive, 89XD, EV 103.1 MPH)
Batting: LHB Ben Roth 0-0: Ball
1-0: Swinging Strike
1-1: Foul Ball, location: 2F
1-2: Ball
2-2: Foul Ball, location: 2F
2-2: Strikes out swinging
Top of the 9th over - 0 runs, 1 hit, 0 errors, 1 left on base; Ohio State University 5 - Pennsylvania State University 3
BOTTOM OF THE 9TH
Pennsylvania State University Nittany Lions batting - Pitching for Ohio State University Buckeyes : LHP Matt Ray
Batting: RHB Isaiah Heath 0-0: Foul Ball, location: 2F
0-1: Ball
1-1: Fly out, F9 (Flyball, 89S, EV 90.6 MPH)
Batting: SHB Glenn Harrison 0-0: Ball
1-0: Foul Ball, location: 2F
1-1: Ball
2-1: Swinging Strike
2-2: Strikes out swinging
Pinch Hitting: RHB Mike Smith 0-0: Ball
1-0: Called Strike
1-1: Foul Ball, location: 2F
1-2: Fly out, F2 (Popup, 2RF, EV 90.0 MPH)
Bottom of the 9th over - 0 runs, 0 hits, 0 errors, 0 left on base; Ohio State University 5 - Pennsylvania State University 3
Thursday, December 15th , 2022 - OOTP Baseball 23.9 Build 102